AoeStats
← chicken

Arabia

510250747Analyzed
2v2 RM · 2d ago on Sep 30, 2026· 54m 12s· 4 players
Game mode
Random Map
Map size
Medium (4 player)
Population
200
Speed
Normal
Resources
Standard
Victory
Conquest
Starting age
Dark Age
Ending age
Imperial Age
RankedLock teamsTeams togetherTeam positionsShared explorationLock speedFull tech treeHidden civsTurbo modeCheats
Victory
Defeat
🇺🇸 Vietnamese · United States
1270
+17
🇺🇸 Mongols · United States
1270
+17
🇲🇽 Saxons · Mexico
1296
-17
🇲🇽 Teutons · Mexico
1286
-17
chicken
9:02 Feudal Age
7:45 Loom
10:39 Double-Bit Axe
10:35 Horse Collar
21:05 Castle Age
19:18 Gold Mining
20:04 Bloodlines
20:32 Scale Barding Armor
20:46 Forging
22:39 Iron Casting
22:29 Chain Barding Armor
23:27 Husbandry
28:19 Gold Shaft Mining
28:25 Iron Casting
29:44 Wheelbarrow
42:59 Imperial Age
41:58 Bow Saw
42:43 Stone Mining
43:37 Gold Shaft Mining
43:58 Hand Cart
43:30 Town Watch
43:12 Cavalier
44:53 Blast Furnace
43:37 Light Cavalry
45:06 Heavy Camel Rider
53:07 Fletching
53:40 Ballistics
54:20 Chemistry
Twister
6:29 Loom
9:34 Feudal Age
10:19 Double-Bit Axe
19:02 Fletching
24:33 Castle Age
22:57 Padded Archer Armor
24:48 Gold Mining
24:41 Crossbowman
25:34 Bodkin Arrow
28:05 Wheelbarrow
30:54 Ballistics
31:17 Hand Cart
32:12 Thumb Ring
33:10 Leather Archer Armor
33:05 Elite Skirmisher
39:46 Imperial Age
39:37 Bow Saw
39:30 Town Watch
39:52 Arbalester
41:41 Chemistry
41:13 Ring Archer Armor
41:35 Bracer
45:35 Imperial Skirmisher
48:07 Scale Mail Armor
48:17 Forging
49:45 Elite Fire Lancer
51:33 Chain Mail Armor
51:53 Iron Casting
53:00 Squires
54:35 Two-Man Saw
54:02 Paper Money
DSLG | peces500
6:15 Loom
8:44 Feudal Age
11:10 Double-Bit Axe
11:05 Horse Collar
11:25 Man-at-Arms
22:00 Castle Age
20:41 Scale Mail Armor
20:43 Padded Archer Armor
24:23 Fletching
26:03 Elite Skirmisher
28:49 Crossbowman
29:29 Bodkin Arrow
30:44 Gambesons
31:35 Squires
31:21 Arson
48:49 Bow Saw
48:40 Heavy Plow
53:28 Forging
53:19 Scale Mail Armor
MZTK | Chinwenwenchon
6:02 Loom
9:01 Feudal Age
9:55 Double-Bit Axe
11:31 Horse Collar
20:55 Castle Age
19:04 Gold Mining
20:31 Fletching
20:41 Padded Archer Armor
22:00 Wheelbarrow
21:10 Town Watch
21:51 Bodkin Arrow
28:28 Leather Archer Armor
28:18 Stone Mining
30:12 Bloodlines
32:09 Ballistics
35:14 Imperial Age
34:38 Forging
34:33 Scale Barding Armor
35:59 Iron Casting
36:51 Cavalier
38:54 Chain Barding Armor
40:29 Plate Barding Armor
40:50 Heavy Plow
41:40 Paladin
43:47 Blast Furnace
47:50 Crenellations
Connection lost

Rejoining the realm…

Still unreachable

The connection could not be restored.

Session expired

The server has moved on; the page needs a fresh start.